 Dungeon Crawl Stone Soup version 0.20.1-1-g8b1a95d (webtiles) character file.

368 bosm the Bolt Thrower (level 7, -7/43 HPs)
             Began as a Kobold Hunter on Aug 11, 2017.
             Mangled by a mummy (15 damage)
             ... in an ossuary on Aug 13, 2017.
             The game lasted 00:11:26 (3338 turns).

bosm the Bolt Thrower (Kobold Hunter)               Turns: 3338, Time: 00:11:27

Health: -7/43      AC:  8    Str:  9    XL:     7   Next: 1%
Magic:  7/7        EV: 16    Int: 12    God:
Gold:   97         SH:  0    Dex: 23    Spells: 6/6 levels left

rFire    . . .     SeeInvis .   m - +1 whip of Tenacity {drain, -Tele *Drain rPois Dex+5} (curse)
rCold    . . .     Gourm    .   (shield restricted)
rNeg     . . .     Faith    .   p - +0 ring mail
rPois    +         Spirit   .   l - +2 hat
rElec    .         Reflect  .   i - +0 cloak
rCorr    +         Harm     .   (no gloves)
MR       .....     NoTele   +   (no boots)
Stlth    ++........             (no amulet)
Regen    0.2/turn               k - ring of resist corrosion
MPRegen  0.1/turn               (no ring)

@: no status effects
A: carnivore 3
a: no special abilities


You were in an ossuary.
You were not hungry.

You visited 1 branch of the dungeon, and saw 4 of its levels.
You also visited: Ossuary.

You collected 97 gold pieces.

Inventory:

Hand Weapons
 a - a +1 flail of protection
 m - the cursed +1 whip of Tenacity (weapon) {drain, -Tele *Drain rPois Dex+5}
   (You found it on level 4 of the Dungeon)

   A truly terrible weapon, it drains the life of those it strikes.
   It affects your dexterity (+5).
   It protects you from poison.
   It prevents most forms of teleportation.
   It causes draining when unequipped.
   It has a curse placed upon it.
 w - a +2 hand crossbow
Missiles
 j - 6 bolts
Armour
 i - a +0 cloak (worn)
 l - a +2 hat (worn)
 p - a +0 ring mail (worn)
Jewellery
 k - a ring of resist corrosion (left hand)
Scrolls
 h - a scroll of teleportation
 o - 2 scrolls of amnesia
Comestibles
 b - 2 royal jellies
 f - 2 meat rations


   Skills:
 + Level 4.1 Fighting
 * Level 7.2 Crossbows
 + Level 4.8 Dodging
 - Level 1.3 Stealth


You had 6 spell levels left.
You didn't know any spells.

Dungeon Overview and Level Annotations

Branches:
Dungeon (4/15)
 Temple: D:4-7

Altars:
Yredelemnul

Shops:
D:4 (

Annotations:
D:3 Grinder


Innate Abilities, Weirdness & Mutations

You are small and have problems with some larger weapons.
You are carnivorous and can eat meat at any time.


Message History

You hit the mummy but do no damage.
You feel yourself speed up. The mummy closely misses you.
You hit the mummy.
The mummy is moderately damaged.
The mummy closely misses you.
You cannot teleport because you are wielding the cursed +1 whip of Tenacity {drain, -Tele *Drain rPois Dex+5}.
You barely miss the mummy.
The mummy is moderately damaged.
The mummy hits you.
* * * LOW HITPOINT WARNING * * *
You hit the mummy.
The mummy is moderately damaged.
You barely miss the mummy.
The mummy is moderately damaged.
The mummy misses you.
You hit the mummy but do no damage.
The mummy is moderately damaged.
The mummy hits you!
You die...

###≈ ##
≈#≈### #.
P≈P≈P#
#+#'#≈≈.≈.#+
+.......≈.≈≈
##'## #...#
#M∩.# #@.∩#
#####


You could see a mummy.

Vanquished Creatures
  A bullfrog zombie (Ossuary)
  A centaur zombie (Ossuary)
  Terence (D:2)
  2 killer bee zombies (Ossuary)
  5 mummies (Ossuary)
  5 adders
  A gnoll (D:1)
  4 adder zombies (Ossuary)
  A worm (D:3)
  2 dart slugs
  2 leopard geckos (D:2)
  9 orcs (D:3)
  A ball python (D:3)
  A giant cockroach (D:2)
  2 gnoll zombies (D:3)
  7 goblins
  6 hobgoblins
  A quokka (D:4)
  5 bats
  4 frilled lizards
  4 kobolds
  A leopard gecko zombie (Ossuary)
  11 rats
77 creatures vanquished.

Vanquished Creatures (others)
  A withered plant (Ossuary)
1 creature vanquished.

Grand Total: 78 creatures vanquished

Notes
Turn   | Place    | Note
-------+----------+-------------------------------------------
     0 | D:1      | bosm the Kobold Hunter began the quest for the Orb.
     0 | D:1      | Reached XP level 1. HP: 12/12 MP: 1/1
    63 | D:1      | Reached skill level 5 in Crossbows
   224 | D:1      | Reached XP level 2. HP: 12/17 MP: 2/2
   799 | D:1      | Reached XP level 3. HP: 17/22 MP: 3/3
  1342 | D:2      | Noticed Terence
  1670 | D:2      | Reached XP level 4. HP: 27/27 MP: 4/4
  1698 | D:2      | Killed Terence
  2063 | D:2      | Reached skill level 6 in Crossbows
  2161 | D:3      | Reached XP level 5. HP: 32/32 MP: 5/5
  2391 | D:3      | Noticed Grinder
  2805 | D:3      | Found a basalt altar of Yredelemnul.
  2980 | D:4      | Found Mollommi's Weapon Shop.
  2991 | D:4      | Found a sand-covered staircase.
  2997 | D:4      | Got a faintly glowing whip
  2998 | D:4      | Identified the cursed +1 whip of Tenacity {drain, -Tele *Drain rPois Dex+5} (You found it on level 4 of the Dungeon)
  3033 | Ossuary  | Entered an ossuary
  3228 | Ossuary  | Reached XP level 6. HP: 24/37 MP: 6/6
  3273 | Ossuary  | Reached skill level 7 in Crossbows
  3301 | Ossuary  | Reached XP level 7. HP: 9/43 MP: 7/7
  3338 | Ossuary  | Mangled by a mummy

Skill      XL: |  1  2  3  4  5  6 |
---------------+-------------------+-----
Crossbows      | 5 6 7 |  7.2
Dodging        | 3 4 |  4.8
Fighting       | 3 4 |  4.1
Stealth        | |  1.3

Action                   |  1- 3 |  4- 6 |  7- 9 || total
-------------------------+-------+-------+-------++-------
Melee: Spear             |    67 |       |       ||    67
       Short sword       |     5 |       |       ||     5
       Flail             |       |    91 |       ||    91
       Whip              |       |   109 |    10 ||   119
 Fire: Hand crossbow     |    42 |    49 |       ||    91
  Use: Scroll            |     4 |     4 |       ||     8
       Potion            |       |     7 |       ||     7
 Stab: Sleeping          |     3 |       |       ||     3
  Eat: Chunk             |     5 |     4 |       ||     9
Armor: Leather armour    |    17 |       |       ||    17
       Ring mail         |       |    50 |     4 ||    54
       Skin              |       |    37 |       ||    37
Dodge: Dodged            |    62 |   150 |     7 ||   219
